 Dungeon Crawl Stone Soup version 0.31.0-11-ge490571c62 (webtiles) character file.

Game seed: 14644297007734756383

620 Killerpretzel the Changeling (level 7, -7/46 HPs)
             Began as an Octopode Shapeshifter on Feb 7, 2024.
             Mangled by an ogre
             ... wielding a +0 giant spiked club
              (35 damage)
             ... on level 4 of the Dungeon.
             The game lasted 00:10:19 (3720 turns).

Killerpretzel the Changeling (OpSh)                 Turns: 3720, Time: 00:10:19

Health: -7/46      AC:  1    Str: 19    XL:     7   Next: 46%
Magic:  7/7        EV: 14    Int: 13    God:
Gold:   257        SH:  0    Dex: 13    Spells: 6/6 levels left

rFire   . .          .
                       - Unarmed
rCold   . . .        (no shield)
rNeg    . . .        (helmet currently unavailable)
rPois   .            (no amulet)
rElec   .            e - +6 ring of strength
rCorr   .            (no ring)
SInv    .            (no ring)
Will    .....        (no ring)
Stlth   ++           (no ring)
HPRegen 0.27/turn    (no ring)
MPRegen 0.10/turn    (no ring)
                     (no ring)

%: no passive effects
@: beast-form
A: beast (slay +3), almost no armour, amphibious, 8 rings, camouflage 1,
gelatinous body 1, (nimble swimmer 1), tentacles
a: Begin Untransformation


You were on level 4 of the Dungeon.
You were a hulking beast.
You visited 1 branch of the dungeon, and saw 6 of its levels.

You collected 257 gold pieces.

Inventory:

Hand Weapons
 s - the +3 dagger "Acyvog" {antimagic, Will+}
   (You found it on level 3 of the Dungeon)

   Will+:     It increases your willpower.
Missiles
 j - 13 poisoned darts (quivered)
 m - a throwing net
Jewellery
 e - a +6 ring of strength (left tentacle)
Talismans
 b - a beast talisman
 c - a flux talisman
Scrolls
 g - 2 scrolls of blinking
 h - 2 scrolls of enchant armour
 l - a scroll of immolation
 r - 2 scrolls of teleportation
Potions
 a - a potion of lignification
 d - a potion of berserk rage {unknown}
 f - a potion of heal wounds
 i - a potion of degeneration {unknown}
 k - 2 potions of cancellation
 n - a potion of magic {unknown}
 o - a potion of haste {unknown}
 p - 2 potions of curing {unknown}
 q - a potion of enlightenment {unknown}


   Skills:
 + Level 3.4 Fighting
 + Level 3.9 Dodging
 + Level 4.5 Unarmed Combat
 * Level 5.4 Shapeshifting


You had 6 spell levels left.
You didn't know any spells.
Your spell library contained the following spells:

 Spells                   Type           Power      Damage    Failure   Level
 Apportation              Tloc           0%         N/A       30%         1
 Necrotise                Necr           0%         1d4       30%         1
 Sting                    Conj/Alch      0%         1d3       30%         1
 Summon Small Mammal      Summ           0%         N/A       30%         1
 Jinxbite                 Hex            0%         N/A       43%         2
 Alistair's Intoxication  Alch           0%         N/A       100%        5


Dungeon Overview and Level Annotations

Branches:
Dungeon (6/15)
 Temple: D:4-7

Altars:
Okawaru

Shops:
D:3 :


Innate Abilities, Weirdness & Mutations

You are a hulking beast.
Your limbs bulge with bestial killing power. (Slay +3)
You cannot wear most types of armour.
You are amphibious.
You can wear up to eight rings at the same time.
Your skin changes colour to match your surroundings (Stealth+).
Your rubbery body absorbs attacks. (AC +1, EV +1)
((You are camouflaged when in or above water. (Stealth+)))
You have tentacles for arms and can constrict up to eight enemies at once.


Message History

The gnoll is lightly wounded.
A gnoll is nearby!
You barely miss the gnoll. You grab the gnoll.
The gnoll is lightly wounded.
You constrict the gnoll. The gnoll misses you.
A gnoll is nearby!
You tentacle-slap the gnoll but do no damage.
The gnoll is moderately wounded.
You constrict the gnoll. The gnoll barely misses you.
A gnoll is nearby!
You tentacle-slap the gnoll. Your squeeze misses the gnoll.
The gnoll is severely wounded.
You constrict the gnoll.
You kill the gnoll!
You see here a +0 flail.
There is an open door here.
Things that are here:
a +0 whip; a +0 robe; a gnoll corpse
Things that are here:
a +0 spear; a gnoll corpse
There is an open door here.
Things that are here:
a +0 whip; a +0 robe; a gnoll corpse You see here a +3 short sword.
An ogre comes into view. It is wielding a +0 giant spiked club.
An ogre is nearby!
An ogre is nearby!
Okay, then.
The ogre shouts!
The ogre hits you with a +0 giant spiked club!!
You bludgeon the ogre!
The ogre is moderately wounded.
The ogre barely misses you.
You tentacle-slap the ogre. You squeeze the ogre, but do no damage.
The ogre is heavily wounded.
You completely miss the ogre.
The ogre is heavily wounded.
The ogre hits you with a +0 giant spiked club!!
Ouch! That really hurt!
You die...

#...#....#######
#...#)...#
#...)....#
#...#.)..#
#...######
#........#
#####........#
#............#
#......h###+##
#......O#
#.......#
#......(#
#########


You could see an ogre.

Vanquished Creatures
  An ogre (D:2)
  2 scorpions (D:4)
  2 jellies (D:4)
  3 hounds
  A gnoll bouda (D:4)
  2 iguanas
  8 gnolls
  4 adders
  2 ufetubi (D:6)
  2 ribbon worms (D:2)
  4 dart slugs
  4 ball pythons
  7 bats
  4 endoplasms
  A giant cockroach (D:4)
  4 goblins
  6 hobgoblins
  3 jackals (D:4)
  3 quokkas
  2 frilled lizards
  8 kobolds
  2 rats
75 creatures vanquished.

Notes
Turn   | Place    | Note
-------+----------+-------------------------------------------
     0 | D:1      | Killerpretzel the Octopode Shapeshifter began the quest for
                  | the Orb.
     0 | D:1      | Reached XP level 1. HP: 13/13 MP: 1/1
   236 | D:1      | Reached XP level 2. HP: 12/18 MP: 2/2
   699 | D:2      | Noticed an ogre
   933 | D:2      | Reached XP level 3. HP: 14/23 MP: 3/3
  1310 | D:2      | Reached XP level 4. HP: 29/29 MP: 4/4
  1623 | D:2      | Killed an ogre
  1624 | D:2      | Reached skill level 4 in Shapeshifting
  1624 | D:2      | Reached XP level 5. HP: 24/34 MP: 5/5
  2237 | D:3      | Found a faded altar of an unknown god.
  2272 | D:3      | Found an iron altar of Okawaru.
  2280 | D:3      | You fall into a shaft and drop 3 floors!
  2385 | D:6      | Reached XP level 6. HP: 19/41 MP: 6/6
  2389 | D:5      | Entered Level 5 of the Dungeon
  2662 | D:4      | Reached skill level 5 in Shapeshifting
  2837 | D:3      | Identified the +3 dagger "Acyvog" {antimagic, Will+}
  2982 | D:3      | Found Xamegric's Book Emporium.
  3168 | D:4      | Reached XP level 7. HP: 46/46 MP: 7/7
  3720 | D:4      | Mangled by an ogre

Illustrated notes

Levels and vault maps discovered:
D:1:      amcnicky_arrival_gap_in_the_tavern_cellar, layout_rooms,
          minmay_tetromino_o4
D:2:      layout_loops_ring
D:3:      kennysheep_six_static_rooms, layout_loops_ring,
          mainiacjoe_overflow_brackets, shapermc_ecumenical_altar_mp_highgroup,
          serial_shops, nicolae_shop_tiny_real_fake_doors, uniq_terence
D:4:      layout_gridville, corexii_shack, nicolae_tricolors
D:5:      layout_cave_pools, enter_ossuary_2, uniq_crazy_yiuf_cottage,
          uniq_blork_the_orc
D:6:      layout_basic, glass_columns_c

Skill      XL: |  1  2  3  4  5  6 |
---------------+-------------------+-----
Fighting       | 2 3 |  3.4
Shapeshifting  | 4 5 |  5.4
Dodging        | 3 |  3.9
Unarmed Combat | 4 |  4.5

Action                     |  1- 3 |  4- 6 |  7- 9 || total
---------------------------+-------+-------+-------++-------
  Melee: Unarmed           |    47 |    64 |    41 ||   152
         Constrict         |    11 |    18 |     7 ||    36
         Tentacles         |     7 |    14 |    12 ||    33
         Punch             |     1 |     3 |     2 ||     6
    Use: Scroll            |     3 |     6 |       ||     9
         Potion            |       |     2 |     1 ||     3
   Stab: Sleeping          |     6 |     4 |       ||    10
 Armour: Skin              |    11 |    30 |    14 ||    55
  Dodge: Dodged            |    28 |    40 |    27 ||    95
